 Dungeon Crawl Stone Soup version 0.31.0-32-g396128a36d (webtiles) character file.

Game seed: 5423231393597378264

3168 ChadusMaximus the Summoner (level 9, -6/51 HPs)
             Began as a Barachi Summoner on Mar 9, 2024.
             Was a Follower of Hepliaklqana.
             Killed from afar by Erica (24 damage)
             ... with a bolt of poison
             ... on level 8 of the Dungeon.
             The game lasted 00:09:02 (8619 turns).

ChadusMaximus the Summoner (Barachi Summoner)       Turns: 8619, Time: 00:09:02

Health: -6/51      AC: 12    Str: 11    XL:     9   Next: 94%
Magic:  1/20       EV:  8    Int: 25    God:    Hepliaklqana [*.....]
Gold:   386        SH:  5    Dex: 12    Spells: 9/23 levels left

rFire   + . .        d - +2 mace (protect)
rCold   . . .        w - +0 buckler
rNeg    . . .        a - +0 robe
rPois   .            C - +0 helmet
rElec   .            r - +0 cloak
rCorr   .            o - +0 pair of gloves
SInv    .            (no boots)
Will    .....        (no amulet)
Stlth   ++           l - +6 ring of intelligence
HPRegen 0.28/turn    y - ring of protection from fire
MPRegen 0.17/turn

%: no passive effects
@: lethally poisoned (-6 -> -33), under a protective aura, slowed, constricted,
inugami summoned, very slow
A: reduced essence, amphibious, slowness 1, strong legs 1, +LOS
a: Hop, Renounce Religion, Recall Ancestor, Ancestor Identity


You were on level 8 of the Dungeon.
You worshipped Hepliaklqana.
Hepliaklqana was aware of your devotion.
You visited 2 branches of the dungeon, and saw 9 of its levels.

You collected 386 gold pieces.

Inventory:

Hand Weapons
 c - a +0 whip
 d - a +2 mace of protection (weapon)
Armour
 a - a +0 robe (worn)
 o - a +0 pair of gloves (worn)
 r - a +0 cloak (worn)
 w - a +0 buckler (worn)
 C - a +0 helmet (worn)
Jewellery
 l - a +6 ring of intelligence (left hand)
 y - a ring of protection from fire (right hand)
 F - a ring of willpower
 G - a ring of fire
Wands
 i - a wand of roots (19)
Scrolls
 e - 2 scrolls of revelation {unknown}
 f - 5 scrolls of teleportation {unknown}
 g - a scroll of fear {unknown}
 h - a scroll of silence {unknown}
 j - 5 scrolls of identify {unknown}
 m - 2 scrolls of amnesia {unknown}
 p - 4 scrolls of vulnerability {unknown}
 q - a scroll of enchant armour {unknown}
 t - a scroll of enchant weapon {unknown}
 v - a scroll of immolation {unknown}
 x - a scroll of noise {unknown}
 E - a scroll of poison {unknown}
Potions
 b - a potion of magic
 k - 2 potions of brilliance {unknown}
 n - a potion of attraction {unknown}
 s - 2 potions of degeneration {unknown}
 u - a potion of haste {unknown}
 z - a potion of resistance {unknown}
 A - 3 potions of curing {unknown}
 B - a potion of lignification {unknown}
 D - a potion of might {unknown}


   Skills:
 - Level 2.1 Dodging
 - Level 1.7 Stealth
 + Level 5.9 Shields
 + Level 7.5 Spellcasting
 * Level 12.9 Summonings


You had 9 spell levels left.
You knew the following spells:

 Your Spells              Type           Power      Damage    Failure   Level
a - Summon Small Mammal   Summ           100%       N/A       1%          1
b - Call Canine Familiar  Summ           65%        N/A       1%          3
c - Call Imp              Summ           100%       N/A       1%          2
d - Summon Lightning Spi  Summ/Air       41%        N/A       6%          4
e - Martyr's Knell        Necr/Summ      41%        N/A       6%          4

Your spell library contained the following spells:

 Spells                   Type           Power      Damage    Failure   Level
 Summon Blazeheart Golem  Fire/Summ      41%        N/A       6%          4
 Magic Dart               Conj           36%        1d4       9%          1
 Necrotise                Necr           36%        1d5       9%          1
 Searing Ray              Conj           18%        2d5       13%         2
 Vampiric Draining        Necr           9%         2d6       26%         3
 Fulminant Prism          Conj/Alch      4%         3d5       65%         4
 Curse of Agony           Necr           9%         N/A       94%         5


Dungeon Overview and Level Annotations

Branches:
Dungeon (8/15)             Temple (1/1) D:5
   Lair: D:8-11

Altars:
Cheibriados
Dithmenos
Elyvilon
Fedhas
Gozag
Hepliaklqana
Kikubaaqudgha
Makhleb
Nemelex Xobeh
Okawaru
Qazlal
Sif Muna
Trog
Wu Jian
Xom
Yredelemnul
Zin
The Shining One

Shops:
D:1 :

Annotations:
D:4 2 transporters
D:7 3 runed translucent doors, vvlvvlvvl's ghost, novice DsSh
D:8 Amaemon; Erica


Innate Abilities, Weirdness & Mutations

Your life essence is reduced to manifest your ancestor. (-10% HP)
You are amphibious.
You cover ground slowly.
You can hop short distances.
You have an extended range of vision and can be seen from far away.


Message History

Something hits your cerulean imp!! Something burns your cerulean imp.
Something barely misses your cerulean imp.
Amaemon barely misses your martyred shade.
Amaemon claws your martyred shade! Amaemon tail-slaps your martyred shade.
Unknown command.
You hit something.
Your weapon exudes an aura of protection.
Leofric closely misses something.
Amaemon hits your martyred shade with a -2 demon whip of venom!
Your martyred shade wails in agony as it relives its own death.
Terrible wounds open up all over Amaemon's body!
Amaemon completely misses your flayed ghost.
Amaemon closely misses your flayed ghost.
Something hits you!! Something burns you. Something grabs you.
You are constricted.
Leofric barely misses something.
Amaemon hits your flayed ghost with a -2 demon whip of venom!
Amaemon claws your flayed ghost. Amaemon tail-slaps your flayed ghost.
Something hits you.
You are constricted.
Leofric hits something.
You hit something but do no damage.
You hear a zap.
The roots erupt in riotous growth!
Roots grab your lightning spire. Roots grab your cerulean imp.
Your lightning spire is constricted.
Your cerulean imp is constricted!
Your cerulean imp dies!
Your cerulean imp disappears in a puff of smoke!
You are constricted.
Amaemon hits your flayed ghost with a -2 demon whip of venom!
Amaemon barely misses your flayed ghost.
Amaemon tail-slaps your flayed ghost.
Leofric hits something.
Your flayed ghost hits Amaemon!!
Amaemon hits your flayed ghost with a -2 demon whip of venom!!
Amaemon claws your flayed ghost!
Your flayed ghost is destroyed!
The terrible wounds on Amaemon's body vanish.
Your flayed ghost disappears in a puff of smoke!
You hear some strange, mumbled words.
A bolt of poison appears from out of thin air!
The bolt of poison hits you!!
You are lethally poisoned!
You die...

..P)..####.P.P...
.
#...P.P.P.P.P...#
. .
#.?..P.....P.P..
.. ..
#..)..P.P.......
..
#$##...)..P.....
.#......)....P...
..$....R..†......
.......{.........
#......§@..§6..#
#......8...h...#
#.............?..
#..##...#........
#. #... ...###..
.... ...# . ##...
.... ###. .###.
.. .. ..


You could see the friendly Leofric the ancestor, Amaemon (ally target), a
friendly lightning spire (summoned, rooted) and a friendly inugami (summoned).

Vanquished Creatures
  A black bear (D:7)
  A phantom (D:5)
  A bullfrog (D:6)
  A hound (D:4)
  A jelly (D:4)
  A sleepcap (D:6)
  8 adders
  A white imp (D:6)
  An ufetubus (D:5)
  3 dart slugs
  5 orcs
  7 ball pythons
  6 endoplasms
  5 giant cockroaches
  7 goblins
  9 hobgoblins
  4 kobolds
  A quokka (D:1)
  2 bats
  2 frilled lizards (D:2)
  3 rats
70 creatures vanquished.

Vanquished Creatures (collateral kills)
  An orange demon (D:8)
  A kobold demonologist (D:6)
  A komodo dragon (D:8)
  Grinder (D:3)
  A water moccasin (D:5)
  2 orc warriors
  2 ogres
  A phantom (D:6)
  3 kobold brigands
  3 bullfrogs
  4 scorpions
  2 nameless horrors
  An electric eel (D:7)
  A bombardier beetle (D:3)
  3 jellies
  A hound (D:6)
  An orc priest (D:8)
  2 iguanas
  5 orc wizards
  A sleepcap (D:6)
  2 adders (D:3)
  A white imp (D:7)
  2 ufetubi (D:7)
  A dart slug (D:3)
  19 orcs
  A giant cockroach (D:4)
  4 goblins
  A hobgoblin (D:3)
  4 jackals (D:1)
  18 kobolds
  A quokka (D:5)
  A rat (D:3)
92 creatures vanquished.

Vanquished Creatures (others)
  2 ancestors
2 creatures vanquished.

Grand Total: 164 creatures vanquished

Notes
Turn   | Place    | Note
-------+----------+-------------------------------------------
     0 | D:1      | ChadusMaximus the Barachi Summoner began the quest for the
                  | Orb.
     0 | D:1      | Reached XP level 1. HP: 13/13 MP: 3/3
    63 | D:1      | Found a faded altar of an unknown god.
    81 | D:1      | Reached skill level 5 in Summonings
    94 | D:1      | Reached XP level 2. HP: 18/19 MP: 3/5
   281 | D:1      | Found Mefas's Book Boutique.
   353 | D:1      | Reached XP level 3. HP: 22/24 MP: 7/7
   892 | D:1      | Learned a level 3 spell: Call Canine Familiar
   895 | D:1      | Learned a level 2 spell: Call Imp
  1044 | D:2      | Reached skill level 6 in Summonings
  1058 | D:2      | Reached XP level 4. HP: 29/30 MP: 8/8
  1670 | D:3      | Reached XP level 5. HP: 24/35 MP: 5/10
  1866 | D:3      | Noticed Grinder
  1881 | D:3      | Killed Grinder
  1882 | D:3      | Reached skill level 8 in Summonings
  1882 | D:3      | Reached XP level 6. HP: 41/41 MP: 2/12
  2683 | D:3      | Learned a level 4 spell: Summon Lightning Spire
  2779 | D:4      | Found a transporter.
  2807 | D:4      | Noticed a kobold demonologist
  2881 | D:4      | Reached XP level 7. HP: 41/46 MP: 13/13
  2962 | D:4      | Found a transporter.
  3418 | D:4      | Reached skill level 9 in Summonings
  3736 | D:4      | Found a bloodstained altar of Trog.
  3901 | D:5      | Entered Level 5 of the Dungeon
  3993 | D:5      | Found a staircase to the Ecumenical Temple.
  4000 | D:5      | Reached skill level 5 in Spellcasting
  4164 | D:5      | Reached skill level 1 in Shields
  4173 | Temple   | Entered the Ecumenical Temple
  4224 | Temple   | Became a worshipper of Hepliaklqana the Forgotten
  4277 | D:5      | Reached XP level 8. HP: 35/52 MP: 9/16
  4405 | D:5      | Found a shadowy altar of Dithmenos.
  4824 | D:5      | Reached skill level 10 in Summonings
  4873 | D:5      | Found a sparkling altar of Nemelex Xobeh.
  4917 | D:5      | Found a blossoming altar of Fedhas.
  5456 | D:6      | Noticed a kobold demonologist
  5468 | D:6      | Noticed a smoke demon
  5470 | D:6      | Killed a kobold demonologist
  5666 | D:6      | Reached skill level 11 in Summonings
  5872 | D:6      | Reached XP level 9. HP: 51/57 MP: 18/18
  6068 | D:6      | Learned a level 4 spell: Martyr's Knell
  6440 | D:6      | Reached * piety under Hepliaklqana
  6668 | D:7      | Found a runed translucent gate.
  6668 | D:7      | Found a runed translucent gate.
  6668 | D:7      | Found a runed translucent gate.
  6737 | D:7      | Found an opulent altar of Gozag.
  6802 | D:7      | Identified the +1 robe "Janiyma" {Int-4 Dex+8 SInv}
  7289 | D:7      | Noticed a cyclops
  7289 | D:7      | Noticed vvlvvlvvl's ghost (novice DsSh)
  7399 | D:7      | Found a glowing silver altar of Zin.
  7400 | D:7      | Found a glowing golden altar of the Shining One.
  7402 | D:7      | Found a white marble altar of Elyvilon.
  7627 | D:8      | Reached skill level 5 in Shields
  7627 | D:8      | Reached skill level 12 in Summonings
  7630 | D:8      | Noticed an orange demon
  7810 | D:8      | Noticed an elephant
  7810 | D:8      | Noticed a komodo dragon
  7978 | D:8      | Killed an orange demon
  8153 | D:8      | Noticed Erica
  8546 | D:8      | Killed a komodo dragon
  8611 | D:8      | Noticed Amaemon
  8619 | D:8      | Killed from afar by Erica

Illustrated notes

Levels and vault maps discovered:
D:1:      onia_arrival_mini_spirals, layout_loops_ring, serial_shops, shop,
          hellmonk_ecumenical_altar_pennies_from_heaven, minmay_misc_feat_cross,
          hangedman_decor_push, minmay_unequal
D:2:      layout_basic, dk_noncrumbling_3, minmay_misc_feat_tiny
D:3:      layout_basic, uniq_grinder
D:4:      gammafunk_wand_slinger, layout_basic,
          mainiacjoe_overflow_cross_hatched
D:5:      layout_basic, general_overflow_altar, nicolae_dithmenos_shadow_blocks,
          nemelex_dance_club_becter, minmay_temple_entry_arrows, minivault_27,
          kennysheep_potato
D:6:      layout_gridville, kennysheep_generic_room_10
D:7:      layout_loops_ring, good_gods_temple_1, ebering_ghost_gozag,
          nrook_pool_corridor
D:8:      layout_cave_pools, mainiacjoe_overflow_tiny_flanked,
          nicolae_ru_awakened_eye, grunt_lair_entry_orc_guard_hut, serial_shops,
          shop, hangedman_glass_teeth, hangedman_decor_lopped,
          minmay_misc_feat_enclosed, uniq_amaemon, uniq_erica
Temple:   eino_wide_crystal_templ

Skill      XL: |  1  2  3  4  5  6  7  8  9 |
---------------+----------------------------+-----
Summonings     | 5 6 8 9 11 12 | 12.9
Spellcasting   | 3 4 5 6 7 |  7.5
Shields        | 2 4 5 |  5.9
Dodging        | |  2.1
Stealth        | |  1.7

Action                     |  1- 3 |  4- 6 |  7- 9 || total
---------------------------+-------+-------+-------++-------
  Melee: Whip              |     8 |       |       ||     8
         Mace              |    88 |    77 |   130 ||   295
   Cast: Summon Small Mamm |     2 |     1 |    13 ||    16
         Call Canine Famil |       |     9 |    32 ||    41
         Call Imp          |       |     5 |    24 ||    29
         Summon Lightning  |       |       |    20 ||    20
         Martyr's Knell    |       |       |     7 ||     7
Ability: Hop               |       |       |     4 ||     4
   Stab: Sleeping          |     6 |     2 |     4 ||    12
         Distracted        |       |       |     1 ||     1
 Armour: Robe              |    56 |    69 |   143 ||   268
  Dodge: Dodged            |    83 |    68 |   100 ||   251
  Block: Buckler           |       |       |    38 ||    38
